Map: Orbital Shipyard

Players

reverb - Winner!

  • Race: Terran Terran
  • League: Gold

Grumm

  • Race: Protoss Protoss
  • League: Gold

VOD

Have the link to the VOD?

Description

Time

  • Played on: Jan. 7, 2016, 7:34 p.m.
  • Length: 12:41
Show
View Real Time Build Order
Export as new Build Order

reverb Terran - Winner!

Build Orders: Reaper Expand, MMM Bio 

Get SALT Encoding   

  12  0:02  SCV  
  13  0:14  SCV  
  13  0:20  Supply Depot  
  14  0:26  SCV  
  15  0:41  SCV  
  16  0:42  Barracks  
  16  0:48  Refinery  
  16  0:53  SCV  
  17  1:07  SCV  
  18  1:19  SCV  
  19  1:32  Orbital Command  
  19  1:35  Reaper  
  20  1:44  Command Center  
  20  1:58  SCV  
  21  2:08  Supply Depot, Marine  
  22  2:10  SCV  
  23  2:24  Factory  
  23  2:28  Barracks  
  23  2:29  SCV  
  24  2:38  Bunker  
  24  2:41  SCV  
  24  2:44  Barracks Tech Lab  
  25  2:45  Refinery  
  25  2:54  SCV  
  26  3:06  SCV  
  27  3:19  Marauder  
  29  3:20  Barracks Reactor, Factory Tech Lab  
  29  3:24  Orbital Command  
  29  3:26  SCV  
  30  3:38  Stimpack, SCV  
  31  3:50  SCV  
  31  3:54  Marauder  
  34  3:56  SCV  
  34  4:02  Supply Depot, SCV  
  36  4:04  Supply Depot, Marine  
  36  4:05  Marine  
  36  4:06  Cyclone  
  41  4:38  Supply Depot  
  41  4:40  Marauder, Marine  
  43  4:46  Marine  
  44  4:55  Cyclone  
  44  4:58  Marine  
  48  5:02  Marauder  
  50  5:08  Marine  
  50  5:14  Engineering Bay, Barracks  
  51  5:15  Marine  
  51  5:17  Refinery  
  51  5:18  SCV x2  
  51  5:20  Refinery  
  54  5:30  SCV x2  
  55  5:42  SCV  
  56  5:43  Marine x3  
  56  5:45  Starport  
  59  5:51  Combat Shields  
  59  6:01  Marine  
  60  6:29  SCV x2  
  60  6:30  Barracks Reactor  
  62  6:33  Supply Depot  
  62  6:35  Command Center  
  62  6:38  Supply Depot  
  62  6:39  Supply Depot, Terran Infantry Weapons Level 1  
  62  6:40  Missile Turret  
  62  6:54  Cyclone, SCV x2  
  62  6:55  Supply Depot  
  62  6:59  Barracks Reactor  
  67  7:06  SCV  
  67  7:07  SCV  
  69  7:10  Medivac x2  
  73  7:19  SCV x2  
  73  7:20  Marine x2  
  77  7:23  Marauder  
  77  7:24  Concussive Shells  
  79  7:38  Cyclone  
  82  7:50  Marine x4  
  88  7:51  Marauder  
  88  7:58  Barracks  
  90  8:12  Marauder  
  90  8:13  Marine x3  
  90  8:14  Marine  
  90  8:15  Refinery  
  90  8:19  Engineering Bay  
  94  8:22  Armory  
  94  8:25  SCV  
  94  8:26  SCV  
  96  8:27  Barracks  
  96  8:31  Marine x3  
  96  8:33  Cyclone, Terran Infantry Armor Level 1  
  104  8:34  Marauder  
  104  8:35  Marine  
  104  8:38  SCV x2  
  107  8:49  Marine x2  
  107  8:54  Supply Depot  
  109  8:59  Liberator  
  109  9:00  Supply Depot  
  109  9:05  Barracks Tech Lab  
  109  9:10  Orbital Command  
  109  9:16  Medivac, Marauder, Marine  
  117  9:21  Marine x3, SCV x2  
  121  9:33  SCV x2  
  121  9:34  Marine  
  124  9:39  Marine  
  124  9:40  Marine  
  124  9:42  Marauder  
  118  9:45  SCV x2  
  118  9:48  Marauder, Marine x2  
  118  9:51  Marine  
  125  10:06  Supply Depot  
  125  10:07  Supply Depot  
  125  10:08  Supply Depot  
  125  10:09  Supply Depot  
  125  10:10  Medivac x2, Marine, SCV  
  125  10:11  Marauder  
  133  10:15  Terran Infantry Weapons Level 2  
  133  10:16  Supply Depot  
  133  10:17  Supply Depot  
  133  10:28  Marauder, Marine x4  
  139  10:32  Marauder  
  143  10:50  Marauder  
  143  10:53  Marauder  
  142  11:11  Marauder  
  142  11:13  Missile Turret  
  142  11:15  Marauder  
  142  11:20  Medivac x2  
  146  11:31  Missile Turret  
  146  11:32  Marauder, Refinery, Missile Turret  
  124  12:09  Marine  
  124  12:10  Marauder x2, Marine x4  
Show
View Real Time Build Order
Export as new Build Order

Grumm Protoss 

Build Orders:  

Get SALT Encoding   

  12  0:01  Probe (Chrono Boost)  
  13  0:14  Pylon  
  13  0:18  Probe (Chrono Boost)  
  14  0:33  Gateway  
  14  0:34  Probe (Chrono Boost)  
  15  0:45  Probe (Chrono Boost)  
  15  0:46  Assimilator  
  16  0:55  Probe (Chrono Boost)  
  17  1:05  Assimilator  
  17  1:06  Probe (Chrono Boost)  
  18  1:17  Gateway, Probe (Chrono Boost)  
  19  1:23  Cybernetics Core  
  19  1:27  Probe (Chrono Boost)  
  20  1:33  Zealot  
  22  1:45  Pylon  
  22  1:46  Probe (Chrono Boost)  
  23  2:03  Mothership Core (Chrono Boost), Warp Gate (Chrono Boost)  
  23  2:07  Adept  
  27  2:13  Adept  
  29  2:22  Probe  
  30  2:24  Pylon  
  30  2:34  Probe  
  31  2:50  Probe  
  32  2:51  Stalker (Chrono Boost)  
  32  2:54  Stalker (Chrono Boost)  
  32  2:56  Pylon  
  36  3:30  Probe  
  37  4:07  Pylon  
  37  4:08  Nexus  
  35  4:35  Zealot x2  
  39  4:40  Pylon  
  39  4:47  Probe  
  39  4:51  Gateway  
  40  4:54  Gateway  
  40  4:55  Gateway  
  40  4:58  Pylon  
  40  4:59  Probe  
  37  5:10  Stalker  
  37  5:11  Stalker  
  41  5:14  Pylon  
  41  5:27  Probe  
  41  5:30  Probe  
  42  5:39  Probe  
  37  5:43  Stalker x2  
  41  5:55  Zealot x2  
  41  5:56  Zealot  
  36  6:16  Stalker x4  
  36  6:17  Stalker  
  44  6:26  Twilight Council  
  44  6:30  Pylon  
  44  6:40  Zealot x3  
  44  6:42  Adept  
  52  6:47  Probe  
  52  6:51  Pylon, Probe  
  54  6:59  Mothership Core  
  56  7:07  Dark Shrine  
  56  7:16  Forge  
  56  7:18  Probe  
  56  7:20  Pylon  
  57  7:26  Assimilator  
  57  7:30  Assimilator  
  57  7:33  Stalker  
  57  7:36  Probe  
  60  7:37  Probe  
  61  7:48  Probe  
  61  7:49  Photon Cannon  
  62  7:53  Probe  
  62  7:56  Stalker  
  62  7:57  Sentry x2  
  69  8:03  Protoss Ground Weapons Level 1 (Chrono Boost)  
  69  8:20  Dark Templar x4  
  69  8:25  Archon  
  69  8:26  Archon  
  77  8:27  Probe  
  77  8:29  Probe  
  79  8:43  Dark Templar  
  81  8:52  Photon Cannon  
  81  8:56  Photon Cannon  
  81  8:59  Dark Templar x3  
  81  9:02  Zealot  
  89  9:04  Archon  
  89  9:49  Probe  
  90  9:56  Dark Templar x4  
  90  9:58  Zealot  
  100  10:04  Nexus  
  100  10:07  Pylon  
  100  10:13  Archon  
  100  10:14  Archon  
  100  10:21  Protoss Ground Armor Level 1 (Chrono Boost)  
  100  10:26  Robotics Facility  
  100  10:33  Photon Cannon  
  100  10:37  Photon Cannon  
  100  10:39  Pylon  
  100  10:55  Dark Templar x2  
  100  10:56  Dark Templar  
  105  11:13  Gateway  
  105  11:15  Gateway  
  41  11:55  Dark Templar  
  41  11:56  Dark Templar x4  
  49  12:04  Warp Prism  
  49  12:07  Archon x2  
  49  12:25  Zealot x2  
Tags
 
Add a new tag
Caveats
  • Supply blocks, unpowered buildings, or Contaminate may cause inaccurate times.
  • Supply counts are checked every 10 seconds.